 Dungeon Crawl Stone Soup version 0.24-b1 (webtiles) character file.

Game seed: 13923689796222869374, levelgen mode: deterministic

14952 Gargoyl the Spear-Bearer (level 11, -7/91 (92) HPs)
             Began as a Centaur Abyssal Knight on Oct 13, 2019.
             Was a High Priest of Lugonu.
             Killed from afar by a deep elf knight (24 damage)
             ... with a stone arrow
             ... on level 10 of the Dungeon.
             The game lasted 00:27:19 (20983 turns).

Gargoyl the Spear-Bearer (Centaur Abyssal Knight)  Turns: 20983, Time: 00:27:20

HP:   -7/91 (92)    AC: 16    Str: 21    XL:     11   Next: 95%
MP:   18/18         EV:  7    Int: 15    God:    Lugonu [*****.]
Gold: 49            SH:  0    Dex: 15    Spells: 10/10 levels left

rFire    + . .     SeeInvis .   d - +2 glaive (venom)
rCold    + . .     Gourm    .   (shield currently unavailable)
rNeg     . . .     Faith    .   s - +2 ring mail of Daisies {Str+5 Dex+4 Stlth+}
rPois    .         Spirit   .   b - +0 helmet
rElec    .         Reflect  .   u - scarf {rC+ rF+}
rCorr    .         Harm     .   (no gloves)
MR       .....                  n - +0 centaur barding
Stlth    +.........             (no amulet)
HPRegen  0.25/turn              g - +4 ring of intelligence
MPRegen  0.16/turn              (no ring)

@: very quick
A: large, hooves 3, deformed body, speed 2, tough skin 3
a: Depart the Abyss, Bend Space, Banish, Corrupt, Enter the Abyss, Renounce
Religion


You were on level 10 of the Dungeon.
You worshipped Lugonu.
Lugonu was extremely pleased with you.
You were very hungry.

You visited 2 branches of the dungeon, and saw 11 of its levels.
You visited the Abyss 1 time.

You collected 689 gold pieces.
You spent 640 gold pieces at shops.

Inventory:

Hand Weapons
 a - a +1 hand axe of flaming
 d - a +2 glaive of venom (weapon)
 f - a +2 hand axe of venom
 y - a +1 glaive of flaming
Missiles
 m - 7 boomerangs (quivered)
Armour
 b - a +0 helmet (worn)
 n - a +0 centaur barding (worn)
 s - the +2 ring mail of Daisies (worn) {Str+5 Dex+4 Stlth+}
   (You bought it in a shop on level 6 of the Dungeon)

   It affects your strength (+5).
   It affects your dexterity (+4).
   It makes you more stealthy.
 u - a scarf of resistance (worn)
 z - a +0 plate armour of positive energy
Jewellery
 g - a +4 ring of intelligence (left hand)
 l - an uncursed ring of fire
 q - an uncursed amulet of the gourmand {unknown}
Wands
 j - a wand of scattershot (3)
 t - a wand of paralysis (20)
 v - a wand of iceblast (16)
Scrolls
 e - 6 scrolls of teleportation
 r - a scroll of blinking
 w - 2 scrolls of magic mapping
 x - 3 scrolls of remove curse
Potions
 i - a potion of resistance
 k - 3 potions of might
 o - a potion of agility
 p - a potion of heal wounds
Comestibles
 c - 19 rations


   Skills:
 + Level 7.2 Fighting
 + Level 1.8(6.7) Axes
 + Level 10.2(10.3) Polearms
 + Level 1.6 Throwing
 * Level 9.1 Armour
 + Level 1.9 Dodging
 * Level 9.5 Invocations


You had 10 spell levels left.
You didn't know any spells.
Your spell library contained the following spells:

 Spells                   Type           Power        Failure   Level  Hunger
 Animate Skeleton         Necr           N/A          38%         1    ##.....
 Apportation              Tloc           #.....       38%         1    ##.....
 Confusing Touch          Hex            #.....       38%         1    ##.....
 Freeze                   Ice            #...         38%         1    ##.....
 Summon Small Mammal      Summ           #...         38%         1    ##.....
 Throw Frost              Conj/Ice       #.....       52%         2    ###....
 Ozocubu's Armour         Chrm/Ice       #.......     77%         3    ####...
 Summon Ice Beast         Ice/Summ       #.......     99%         4    #####..
 Throw Icicle             Conj/Ice       #.......     99%         4    #####..


Dungeon Overview and Level Annotations

Branches:
Dungeon (10/15)            Temple (0/1) D:6            Lair (1/6) D:9
    Orc (0/2) D:10

Altars:
Cheibriados
Dithmenos
Fedhas
Makhleb
Nemelex Xobeh
Qazlal
Uskayaw
Wu Jian
Xom
Yredelemnul

Shops:
D:4 *   D:6 [}%=%   D:7 [   D:9 [*=

Annotations:
Abyss:1 Fannar


Innate Abilities, Weirdness & Mutations

You have hooves in place of feet.
Armour fits poorly on your strangely shaped body.
You cover ground very quickly.
You have extremely tough skin. (AC +3)


Message History

The deep elf knight is moderately wounded.
The deep elf knight hits you with a +0 long sword!
You slice the deep elf knight!!
The deep elf knight looks as sick as possible!
Your kick misses the deep elf knight.
The deep elf knight is almost dead.
The deep elf knight hits you but does no damage.
The deep elf knight hits you with a +0 long sword.
You closely miss the deep elf knight. You kick the deep elf knight.
The deep elf knight is almost dead.
The deep elf knight hits you but does no damage.
You miss the deep elf knight. Your kick misses the deep elf knight.
The deep elf knight is almost dead.
The deep elf knight points at you and mumbles some strange words.
The orb of energy hits you!!!
* * * LOW HITPOINT WARNING * * *
The orb of energy explodes!
The deep elf knight points at you and mumbles some strange words.
The stone arrow hits you!!
You die...

####....#....#........#
###..#....#.......##
#..#....#.......#
#.##....#.......#
#.#.....#.......#
#.###+#'#.......#
######...............#
.....................#
)...............@....##
...............e.......#
.......................#
.......................#
.....#########.....#####
.....# #.....# .)...#
#.....# .....# #.....#
.....#########.....#


You could see a deep elf knight.

Vanquished Creatures
  Harold (D:8)
  3 two-headed ogres
  Pikel (D:7)
  The ghost of Linguinho the Covered, a novice GrFi (D:5)
  A troll (D:8)
  A queen bee (D:8)
  Prince Ribbit (D:6)
  A hornet (D:9)
  4 hippogriffs
  16 yaks
  Menkaure (D:6)
  Edmund (D:6)
  3 porcupines (D:9)
  4 ice beasts
  7 orc warriors
  2 sky beasts
  6 black bears
  A necrophage (D:9)
  3 phantoms
  4 ogres
  2 centaurs
  A crocodile (Lair:1)
  7 big kobolds
  3 bullfrogs (D:9)
  A gnoll sergeant (D:9)
  A water moccasin zombie (D:8)
  3 scorpions
  A wight (D:8)
  11 killer bees (D:8)
  3 jellies
  3 crimson imps
  A centaur zombie (D:3)
  An iron imp (D:5)
  A bullfrog skeleton (D:5)
  4 hounds
  5 orc wizards
  2 centaur skeletons (D:10)
  8 orc priests
  Crazy Yiuf (D:2)
  4 iguanas
  Jessica (D:3)
  A gnoll shaman (D:8)
  Natasha (D:2)
  Terence (D:2)
  4 worker ants
  A killer bee zombie (D:8)
  A hound skeleton (D:9)
  A killer bee simulacrum (D:5)
  2 worker ant zombies
  24 gnolls
  11 adders
  2 white imps (D:5)
  A worker ant simulacrum (D:5)
  An ooze (D:2)
  4 adder skeletons
  2 worms
  A dart slug (D:2)
  An adder simulacrum (D:5)
  4 leopard geckos
  59 orcs
  5 bats
  5 giant cockroaches
  26 hobgoblins
  6 jackals
  9 quokkas
  2 frilled lizards
  A giant cockroach zombie (D:5)
  40 goblins
  A jackal skeleton (D:7)
  27 kobolds
  2 leopard gecko skeletons (D:4)
  A quokka simulacrum (D:5)
  A quokka skeleton (D:6)
  6 rats
380 creatures vanquished.

Vanquished Creatures (others)
  An unseen horror (D:9)
  A troll (D:9)
  A wraith (D:9)
  A sky beast (Lair:1)
  An ogre (D:7)
  A centaur (D:7)
  4 killer bees (D:8)
  A crimson imp (D:7)
  An iguana (D:7)
  An adder (D:7)
  A leopard gecko (D:7)
  A hobgoblin (D:5)
  A quokka (D:7)
  2 kobolds (D:7)
  54 fungi (D:9)
  48 plants (D:9)
120 creatures vanquished.

Grand Total: 500 creatures vanquished

Notes
Turn   | Place    | Note
-------+----------+-------------------------------------------
     0 | Abyss:1  | Gargoyl the Centaur Abyssal Knight began the quest for the
                  | Orb.
     0 | Abyss:1  | Reached XP level 1. HP: 19/19 MP: 2/2
    78 | Abyss:2  | Noticed a starcursed mass
   134 | Abyss:2  | Noticed a blink frog
   140 | D:1      | Escaped the Abyss
  1071 | D:2      | Reached XP level 2. HP: 26/26 MP: 3/3
  1084 | D:2      | Reached * piety under Lugonu
  1545 | D:2      | Reached XP level 3. HP: 14/31 MP: 4/4
  1719 | D:2      | Noticed a centaur
  1727 | D:2      | Killed a centaur
  1727 | D:2      | Reached skill level 1 in Polearms
  1727 | D:2      | Reached skill level 1 in Dodging
  1727 | D:2      | Reached XP level 4. HP: 2/38 MP: 4/6
  2536 | D:2      | Noticed Natasha
  2538 | D:2      | Found a snail-covered altar of Cheibriados.
  2538 | D:2      | Noticed Terence
  2718 | D:2      | Killed Terence
  2718 | D:2      | Reached XP level 5. HP: 44/45 MP: 7/7
  2769 | D:2      | Found a runed translucent door.
  2770 | D:2      | Noticed Crazy Yiuf
  2989 | D:2      | Killed Natasha
  3067 | D:2      | Killed Crazy Yiuf
  3067 | D:2      | Reached skill level 2 in Polearms
  3603 | D:3      | Reached ** piety under Lugonu
  3603 | D:3      | Reached XP level 6. HP: 45/51 MP: 8/8
  3831 | D:3      | Noticed Jessica
  3836 | D:3      | Killed Jessica
  3946 | D:3      | Reached skill level 3 in Polearms
  4678 | D:3      | Reached XP level 7. HP: 35/58 MP: 9/9
  4717 | D:3      | Reached *** piety under Lugonu
  5923 | D:4      | Reached **** piety under Lugonu
  6229 | D:4      | Found Kepleelleb's Assorted Antiques.
  6240 | D:4      | Found a stormy altar of Qazlal.
  6550 | D:5      | Entered Level 5 of the Dungeon
  6596 | D:4      | Reached skill level 4 in Polearms
  6712 | D:5      | Found a basalt altar of Yredelemnul.
  6728 | D:5      | Reached XP level 8. HP: 50/67 MP: 11/11
  6969 | D:5      | Found a runed translucent gate.
  6970 | D:5      | Found a runed translucent gate.
  6970 | D:5      | Found a runed translucent gate.
  6976 | D:5      | Found a hide-covered altar of Uskayaw.
  6978 | D:5      | Found a stormy altar of Qazlal.
  6978 | D:5      | Found a blossoming altar of Fedhas.
  6990 | D:5      | Noticed Linguinho's ghost (novice GrFi)
  7003 | D:5      | HP: 1/67 [Linguinho's ghost (7)]
  7325 | D:5      | Killed Linguinho's ghost
  7325 | D:5      | Reached skill level 5 in Armour
  8211 | D:5      | Reached skill level 5 in Polearms
  8284 | D:5      | Reached skill level 5 in Invocations
  8293 | D:5      | Found a snail-covered altar of Cheibriados.
  8362 | D:5      | Reached ***** piety under Lugonu
  9001 | D:6      | Found Geuf's Food Shop.
  9131 | D:6      | Noticed Edmund
  9139 | D:6      | Killed Edmund
  9175 | D:6      | Found a staircase to the Ecumenical Temple.
  9249 | D:6      | Noticed Prince Ribbit
  9269 | D:6      | Killed Prince Ribbit
  9269 | D:6      | Reached skill level 5 in Fighting
  9269 | D:6      | Reached XP level 9. HP: 21/74 MP: 13/13
  9525 | D:6      | Found Fuoploe's Food Boutique.
  9588 | D:6      | Reached skill level 6 in Polearms
  9613 | D:6      | Found a shimmering altar of Xom.
  9614 | D:6      | Found a burning altar of Makhleb.
  9640 | D:6      | Found Xan Cank's Jewellery Shoppe.
  9722 | D:6      | Found Ukhoucru's Gadget Shop.
  9783 | D:6      | Found Inargh's Armour Shop.
  9891 | D:6      | Found an ornate altar of the Wu Jian Council.
  9894 | D:6      | Noticed Menkaure
  9900 | D:6      | Killed Menkaure
 10290 | D:7      | Noticed Pikel
 10306 | D:7      | Killed Pikel
 10871 | D:7      | Found Zaameg Uvva's Antique Armour Shoppe.
 10926 | D:7      | Reached skill level 7 in Polearms
 11527 | D:9      | Noticed a troll
 11533 | D:9      | Banished an unseen horror
 11533 | D:9      | Reached XP level 10. HP: 15/81 MP: 12/15
 12287 | D:8      | Noticed Harold
 12308 | D:8      | Killed Harold
 12923 | D:8      | Reached skill level 8 in Polearms
 13652 | D:8      | Found a sparkling altar of Nemelex Xobeh.
 14322 | D:8      | HP: 4/83 [poisoned by an orc warrior]
 14323 | D:8      | HP: 1/83 [poisoned by an orc warrior]
 14698 | D:9      | Found Baixatio's Armour Shop.
 14760 | D:9      | Found a staircase to the Lair.
 14789 | D:9      | Reached XP level 11. HP: 40/89 MP: 17/17
 14843 | D:9      | Reached skill level 1 in Throwing
 15127 | D:9      | Found Beymifo's General Store.
 15175 | D:9      | Found a shadowy altar of Dithmenos.
 15218 | D:9      | Reached skill level 9 in Polearms
 16022 | D:9      | Noticed a two-headed ogre
 16052 | D:9      | Killed a two-headed ogre
 16490 | D:9      | Found Feraquf's Jewellery Emporium.
 16632 | D:10     | Entered Level 10 of the Dungeon
 16632 | D:10     | Noticed a two-headed ogre
 16686 | D:9      | Killed a two-headed ogre
 17794 | D:10     | Noticed Fannar
 18278 | Lair:1   | Entered Level 1 of the Lair of Beasts
 18664 | D:9      | Banished Fannar
 18779 | D:9      | Reached skill level 10 in Polearms
 19852 | D:10     | Found a staircase to the Orcish Mines.
 20337 | D:10     | Noticed a two-headed ogre
 20443 | D:6      | Bought the +2 ring mail of Daisies {Str+5 Dex+4 Stlth+} for
                  | 640 gold pieces
 20628 | D:10     | Noticed a two-headed ogre
 20637 | D:10     | Noticed a two-headed ogre
 20638 | D:10     | Noticed a deep elf knight
 20653 | D:10     | Killed a two-headed ogre
 20983 | D:10     | Killed from afar by a deep elf knight

Skill      XL: |  1  2  3  4  5  6  7  8  9 10 11 |
---------------+----------------------------------+-----
Armour         | 2 3 4 5 6 7 9 |  9.1
Polearms       | 1 2 3 4 5 7 8 10 | 10.2
Dodging        | 1 |  1.9
Invocations    | 3 4 5 6 8 9 |  9.5
Fighting       | 4 5 6 7 |  7.2
Throwing       | 1 |  1.6
Axes           | |  1.8

Action                   |  1- 3 |  4- 6 |  7- 9 | 10-12 || total
-------------------------+-------+-------+-------+-------++-------
Melee: Glaive            |    68 |   189 |   471 |   510 ||  1238
       Kick              |     5 |    27 |    99 |   115 ||   246
Throw: Boomerang         |       |       |     8 |    31 ||    39
Invok: Depart the Abyss  |     1 |       |       |       ||     1
       Banish            |       |       |     1 |     9 ||    10
       Bend Space        |       |       |       |     3 ||     3
  Use: Scroll            |     4 |     3 |    10 |     2 ||    19
       Potion            |     2 |       |     6 |     4 ||    12
 Stab: Invisible         |       |       |     2 |       ||     2
       Sleeping          |       |       |       |     1 ||     1
  Eat: Chunk             |     2 |     8 |    12 |    21 ||    43
       Ration            |       |       |     2 |     3 ||     5
Armor: Leather armour    |    32 |     4 |       |       ||    36
       Chain mail        |       |   181 |    74 |       ||   255
       Plate armour      |       |       |   443 |   571 ||  1014
       Skin              |       |       |     8 |       ||     8
       Ring mail         |       |       |       |     7 ||     7
Dodge: Dodged            |    46 |    71 |   122 |   166 ||   405
